 Dungeon Crawl Stone Soup version 0.31-a0-149-g3fdcc5976a (webtiles) character file.

Game seed: 12710023619959457743

57 qw the Shooter (level 3, -1/31 HPs)
             Began as a Minotaur Hunter on June 7, 2023.
             Slain by a goblin
             ... wielding a +0 club
             ... led by Robin
              (5 damage)
             ... on level 2 of the Dungeon.
             The game lasted 00:00:25 (1228 turns).

qw the Shooter (Minotaur Hunter)                    Turns: 1228, Time: 00:00:25

Health: -1/31      AC:  3    Str: 15    XL:     3   Next: 73%
Magic:  2/2        EV: 12    Int:  6    God:
Gold:   88         SH:  0    Dex: 15    Spells: 2/2 levels left

rFire   . . .        a - +0 shortbow
rCold   . . .        (shield currently unavailable)
rNeg    . . .        c - +0 leather armour
rPois   .            (helmet restricted)
rElec   .            (no cloak)
rCorr   .            (no gloves)
SInv    .            (no boots)
Will    +....        (no amulet)
Stlth   +            f - ring of willpower
HPRegen 0.25/turn    (no ring)
MPRegen 0.08/turn

%: no passive effects
@: no status effects
A: horns 2, retaliatory headbutt
a: no special abilities


You were on level 2 of the Dungeon.
You visited 1 branch of the dungeon, and saw 2 of its levels.

You collected 88 gold pieces.


Innate Abilities, Weirdness & Mutations

You have a pair of horns on your head.
You reflexively headbutt those who attack you in melee.


   Skills:
 - Level 3.0 Fighting
 + Level 5.7 Ranged Weapons
 - Level 2.1 Dodging
 - Level 0.7 Stealth


You had 2 spell levels left.
You didn't know any spells.
Your spell library was empty.

Inventory:

Hand Weapons
 a - a +0 shortbow (weapon)
Armour
 c - a +0 leather armour (worn)
Jewellery
 b - a ring of see invisible
 f - a ring of willpower (left hand)
Scrolls
 i - a scroll of teleportation {unknown}
 j - a scroll of magic mapping {unknown}
Potions
 d - a potion of degeneration {unknown}
 e - a potion of cancellation
 g - a potion of lignification {unknown}
 h - a potion of magic {unknown}

Dungeon Overview and Level Annotations

Branches:
Dungeon (2/15)

Altars:

Annotations:
D:2 1 runed translucent door, Crazy Yiuf


Message History

The goblin closely misses you.
You shoot an arrow. The arrow hits the goblin.
The goblin is severely wounded.
The goblin completely misses you. You furiously retaliate!
You headbutt the goblin.
You kill the goblin!
You shoot an arrow. The arrow hits Robin.
Robin is lightly wounded.
You shoot an arrow. The arrow hits Robin.
Robin is lightly wounded.
You shoot an arrow. The arrow barely misses Robin.
You shoot an arrow. The arrow closely misses Robin.
Robin misses you.
You shoot an arrow.
The arrow hits Robin but does no damage.
Robin is lightly wounded.
Robin barely misses you. You furiously retaliate!
You headbutt Robin.
A goblin comes into view. It is wielding a +0 club.
Robin hits you with a +2 whip of electrocution.
You shoot an arrow. The arrow hits Robin.
Robin is heavily wounded.
Robin closely misses you.
You shoot an arrow.
The arrow hits Robin but does no damage.
Robin is heavily wounded.
Robin roars a battlecry!
The goblin goes into a battle-frenzy!
You shoot an arrow. The arrow hits Robin.
Robin is severely wounded.
Robin hits you with a +2 whip of electrocution.
You are electrocuted!
Ouch! That really hurt!
You shoot an arrow. The arrow hits Robin.
You kill Robin!
The goblin closely misses you.
You shoot an arrow. The arrow misses the goblin.
The goblin hits you with a +0 club.
You shoot an arrow. The arrow closely misses the goblin.
The goblin barely misses you. The goblin hits you with a +0 club.
You die...

#.#.# #.....#.....
#.#.###.##########
#.....# #
############### #
#####.#...........#
#
......#.#########.#
# ..$..%..# #.# ###
...))..)##### #.#
#.. ......)@....#
#.# #.# ###.#.#
#.## .......># #..#
.#.......# ##.# #.#


You could see a goblin (strong).

Vanquished Creatures
  Robin (D:2)
  An adder (D:2)
  A dart slug (D:2)
  3 endoplasms
  2 giant cockroaches (D:1)
  7 goblins
  3 hobgoblins
  2 quokkas (D:1)
  3 ball pythons
  2 frilled lizards (D:1)
  4 kobolds
  3 rats
32 creatures vanquished.

Notes
Turn   | Place    | Note
-------+----------+-------------------------------------------
     0 | D:1      | qw the Minotaur Hunter began the quest for the Orb.
     0 | D:1      | Reached XP level 1. HP: 18/18 MP: 0/0
     0 | D:1      | 0 ||| qw: Version: 0.2-a-117-gc6b5c8b
     0 | D:1      | 0 ||| qw: Game counter: 2568
     0 | D:1      | 0 ||| qw: Always use a shield: true
     0 | D:1      | 0 ||| qw: God list: Okawaru
     0 | D:1      | 0 ||| qw: Allow faded altars: false
     0 | D:1      | 0 ||| qw: Do Orc after D:15 true
     0 | D:1      | 0 ||| qw: Do second Lair branch before Depths: true
     0 | D:1      | 0 ||| qw: Lair rune preference: random
     0 | D:1      | 0 ||| qw: Plans: Normal
     0 | D:1      | 0 ||| PLANNING D:1-11
   106 | D:1      | Reached XP level 2. HP: 18/25 MP: 1/1
   209 | D:1      | Reached skill level 5 in Ranged Weapons
   435 | D:1      | Reached skill level 3 in Fighting
   852 | D:1      | Found a faded altar of an unknown god.
   917 | D:1      | 917 ||| UPGRADING to ring of willpower.
   918 | D:1      | 918 ||| DRINKING 2 sedimented ruby potions.
   919 | D:1      | 919 ||| DROPPING scroll of butterflies.
   999 | D:2      | Reached XP level 3. HP: 23/31 MP: 2/2
  1151 | D:2      | Identified the +9 hammer of the Equator {drain, Will++}
  1155 | D:2      | Found a runed translucent door.
  1156 | D:2      | Noticed Crazy Yiuf
  1212 | D:2      | Noticed Robin
  1225 | D:2      | HP: 4/31 [Robin/+2 whip of electrocution (16)]
  1226 | D:2      | Killed Robin
  1228 | D:2      | Slain by a goblin

Levels and vault maps discovered:
D:1:      dpeg_arrival_boxes_within_box, layout_loops_corners,
          hellmonk_ecumenical_altar_inner_sanctum, hangedman_decor_riveting
D:2:      layout_basic, uniq_robin, uniq_crazy_yiuf_cottage

Skill      XL: |  1  2 |
---------------+-------+-----
Ranged Weapons | 5 |  5.7
Fighting       | 3 |  3.0
Dodging        | |  2.1
Stealth        | |  0.7

Action                     || total
---------------------------++-------
   Fire: Shortbow          ||    98
    Use: Potion            ||     1
 Armour: Leather armour    ||     7
  Dodge: Dodged            ||    27

Table legend:
 A = Non-vault XP
 B = Vault XP
 C = Vault XP percentage of total XP
 D = Non-vault monster count
 E = Vault monster count
 F = Vault count percentage of total count
                 A         B        C        D         E       F
            +---------+---------+-------+---------+---------+-------
      Total |      56 |      26 |  31.7 |      26 |       6 |  18.8
            +---------+---------+-------+---------+---------+-------
        D:1 |      33 |       0 |   0.0 |      20 |       0 |   0.0
        D:2 |      23 |      26 |  53.1 |       6 |       6 |  50.0
            +---------+---------+-------+---------+---------+-------
